 Dungeon Crawl Stone Soup version 0.22-a0-580-gd5db89c (webtiles) character file.

11501 sking99 the Grappler (level 11, -7/113 HPs)
             Began as a Troll Monk on July 3, 2018.
             Was an Elder of the Shining One.
             Mangled by a minotaur
             ... wielding the +11 flail of Parts Unknown {chaos, *Drain rC+ Str+2 Dex+2}
              (9 damage)
             ... in a labyrinth.
             The game lasted 00:28:08 (10912 turns).

sking99 the Grappler (Troll Monk)                  Turns: 10912, Time: 00:28:09

Health: -7/113     AC:  7    Str: 21    XL:     11   Next: 50%
Magic:  15/15      EV: 11    Int:  9    God:    the Shining One [****..]
Gold:   499        SH:  0    Dex: 15    Spells: 10/10 levels left

rFire    . . .     SeeInvis .     - Unarmed
rCold    + . .     Gourm    +   (no shield)
rNeg     + + .     Faith    .   E - +1 robe
rPois    .         Spirit   .   (helmet restricted)
rElec    .         Reflect  .   y - +0 cloak
rCorr    .         Harm     .   (gloves unavailable)
MR       ++...                  (boots unavailable)
Stlth    +.........             z - amulet of regeneration
HPRegen  1.08/turn              I - ring of the Mage {Wiz MR++ Int+3}
MPRegen  0.14/turn              j - ring of protection from cold

@: lethally poisoned (-7 -> -7), glowing
A: large, unfitting armour, claws 3, fast metabolism 3, gourmand, regeneration
1, shaggy fur 1, tough skin 2
a: Divine Shield, Cleansing Flame, Renounce Religion


You were in a labyrinth.
You worshipped the Shining One.
The Shining One was greatly pleased with you.
You were not hungry.

You visited 3 branches of the dungeon, and saw 14 of its levels.
You also visited: Labyrinth and Sewer.

You collected 581 gold pieces.
You spent 82 gold pieces at shops.

Inventory:

Hand Weapons
 a - a +3 scimitar of flaming
Armour
 n - a scarf of resistance
 y - a +0 cloak (worn)
 E - a +1 robe (worn)
Jewellery
 j - a ring of protection from cold (right claw)
 p - an uncursed ring of fire
 u - an uncursed ring of wizardry
 z - an amulet of regeneration (around neck)
 A - an uncursed amulet of the acrobat
 B - an uncursed ring of positive energy
 G - an uncursed ring of stealth
 I - the ring of the Mage (left claw) {Wiz MR++ Int+3}
   (You found it on level 9 of the Dungeon)

   [ring of wizardry]

   It improves your spell success rate.
   It affects your intelligence (+3).
   It affects your resistance to hostile enchantments.
Wands
 v - a wand of flame (16)
Scrolls
 d - 4 scrolls of magic mapping
 f - 7 scrolls of remove curse
 k - a scroll of enchant armour
 l - 2 scrolls of amnesia
 m - 3 scrolls of blinking
 t - 4 scrolls of teleportation
 L - 2 scrolls of fear
Potions
 c - a potion of agility
 e - 3 potions of mutation
 g - a potion of might
 h - 3 potions of invisibility
 i - a potion of heal wounds
 o - 2 potions of curing
 q - 2 potions of degeneration
 r - 2 potions of magic
 s - a potion of haste
 w - 3 potions of lignification
 x - 2 potions of brilliance
 C - a potion of ambrosia {unknown}
 D - a potion of cancellation {unknown}
 F - a potion of flight {unknown}
 H - a potion of experience {unknown}
Comestibles
 b - 21 rations


   Skills:
 + Level 8.6 Fighting
 - Level 2.4 Dodging
 - Level 1.0 Stealth
 * Level 13.6 Unarmed Combat
 + Level 6.8 Invocations


You had 10 spell levels left.
You didn't know any spells.
Your spell library contained the following spells:

 Spells                   Type           Power        Failure   Level  Hunger
 Fireball                 Conj/Fire      #.........   98%         5    ######.
 Conjure Flame            Conj/Fire      #.......     43%         3    ####...
 Confuse                  Hex            #.......     43%         3    ####...
 Throw Flame              Conj/Fire      #.....       24%         2    ###....
 Animate Dead             Necr           N/A          82%         4    #####..
 Pain                     Necr           #...         16%         1    ##.....
 Animate Skeleton         Necr           N/A          16%         1    ##.....
 Vampiric Draining        Necr           #.........   43%         3    ####...
 Sticky Flame             Conj/Fire      #.......     82%         4    #####..
 Regeneration             Chrm/Necr      #.........   43%         3    ####...
 Confusing Touch          Hex            #.....       16%         1    ##.....
 Flame Tongue             Conj/Fire      #....        16%         1    ##.....
 Metabolic Englaciation   Hex/Ice        #.........   98%         5    ######.
 Petrify                  Tmut/Erth      #.......     82%         4    #####..
 Inner Flame              Hex/Fire       #.......     43%         3    ####...
 Gell's Gravitas          Tloc           #.........   43%         3    ####...
 Yara's Violent Unravell  Hex/Tmut       #.........   98%         5    ######.


Dungeon Overview and Level Annotations

Branches:
Dungeon (10/15)            Temple (1/1) D:6            Lair (3/6) D:10
  Swamp: Lair:2-4    Shoals: Lair:2-4     Snake: Lair:2-4    Spider: Lair:2-4
    Orc: D:9-12

Altars:
Ashenzari
Cheibriados
Dithmenos
Elyvilon
Fedhas
Gozag
Hepliaklqana
Kikubaaqudgha
Makhleb
Nemelex Xobeh
Okawaru
Qazlal
Ru
Sif Muna
Trog
Uskayaw
Vehumet
Wu Jian
Xom
Yredelemnul
Zin
The Shining One

Shops:
D:8 ?

Annotations:
D:8 3 runed doors, Salmacis's ghost, novice OpWn


Innate Abilities, Weirdness & Mutations

You are too large for most types of armour.
You have claws for hands.
Your metabolism is lightning-fast.
You like to eat raw meat.
Your natural rate of healing is unusually fast.
You are covered in fur. (AC +1)
You have very tough skin. (AC +2)


Message History

You see here a javelin.
The minotaur hits you with a warped flail {chaos}!
The minotaur gores you!
* * * LOW HITPOINT WARNING * * *
You feel much better.
The minotaur hits you with a warped flail {chaos}!!
* * * LOW HITPOINT WARNING * * *
You are poisoned.
The minotaur gores you!
* * * LOW HITPOINT WARNING * * *
You mangle the minotaur!!
The minotaur is moderately wounded.
You feel sick.
You claw the minotaur!
The minotaur is heavily wounded.
You feel sick.
The minotaur hits you with a warped flail {chaos}!
* * * LOW HITPOINT WARNING * * *
The minotaur gores you!
You die...

. . # .# . . #
##. . # .. . #
# .### ### ##
### # .. .....
...# .. . . #.
# .########.#
. # ..
..#.(((@.# ..
# ###.#
.#.####H#.# #
# .. . . .#
.#.# #.#
#.######.# # .
..#........#.#
#
#..##########.
. .... . # # #
##. ##. ##. .
. .....# .. #
#.


You could see a minotaur.

Vanquished Creatures
  3 two-headed ogres
  Erica (D:8)
  An unseen horror (D:10)
  A komodo dragon (D:9)
  Grinder (D:5)
  2 hippogriffs
  A redback (Lab)
  A vampire (D:9)
  A hungry ghost (D:9)
  5 yaks
  A human (D:7)
  2 basilisks (D:10)
  4 hogs (D:7)
  Menkaure (D:4)
  4 porcupines
  2 ice beasts
  A phantom (D:6)
  3 orc warriors
  5 sky beasts
  A black bear (D:9)
  A hornet zombie (D:8)
  3 ogres
  An eye of draining (D:10)
  A crocodile (D:10)
  6 centaurs
  Blork the orc (D:4)
  3 bullfrogs
  4 big kobolds
  A gnoll sergeant (D:9)
  4 scorpions
  8 wights
  3 electric eels (D:10)
  A troll skeleton (Lab)
  2 crimson imps
  2 bullfrog zombies
  6 jellies
  2 quasits
  A bullfrog skeleton (D:10)
  An orc priest (D:10)
  A gnoll shaman (D:5)
  Crazy Yiuf (D:6)
  4 hounds
  3 orc wizards
  2 iguanas
  2 worker ants
  An ogre skeleton (Lab)
  A hound zombie (D:8)
  A worker ant zombie (D:9)
  7 gnolls
  A howler monkey skeleton (D:7)
  17 adders
  3 river rats
  2 shadow imps
  An ooze (Sewer)
  2 adder zombies
  An adder skeleton (D:9)
  4 worms
  2 dart slugs
  4 leopard geckos
  16 orcs
  5 giant cockroaches
  4 goblins
  7 hobgoblins
  2 jackals (D:3)
  19 kobolds
  3 quokkas
  5 ball pythons
  A ball python skeleton (D:5)
  7 bats
  3 frilled lizards
  8 rats
232 creatures vanquished.

Vanquished Creatures (collateral kills)
  An unseen horror (D:10)
1 creature vanquished.

Vanquished Creatures (others)
  A fungus (D:10)
  A plant (D:10)
2 creatures vanquished.

Grand Total: 235 creatures vanquished

Notes
Turn   | Place    | Note
-------+----------+-------------------------------------------
     0 | D:1      | sking99 the Troll Monk began the quest for the Orb.
     0 | D:1      | Reached XP level 1. HP: 22/22 MP: 0/0
   265 | D:1      | Reached XP level 2. HP: 29/29 MP: 1/1
  1185 | D:2      | Reached skill level 4 in Unarmed Combat
  1185 | D:2      | Reached XP level 3. HP: 28/36 MP: 2/2
  1564 | D:3      | Reached XP level 4. HP: 40/45 MP: 3/3
  2049 | D:3      | Reached skill level 5 in Unarmed Combat
  2092 | D:3      | Reached XP level 5. HP: 53/53 MP: 4/4
  2394 | D:4      | Noticed Blork the orc
  2395 | D:4      | Noticed Menkaure
  2568 | D:4      | Killed Blork the orc
  2594 | D:4      | Killed Menkaure
  2594 | D:4      | Reached skill level 6 in Unarmed Combat
  2594 | D:4      | Reached XP level 6. HP: 62/62 MP: 5/5
  2882 | D:5      | Entered Level 5 of the Dungeon
  2882 | D:5      | Found a glowing drain.
  2888 | D:5      | Noticed Grinder
  3124 | D:5      | Paralysed by Grinder for 4 turns
  3166 | D:5      | Paralysed by Grinder for 4 turns
  3176 | D:5      | Killed Grinder
  3176 | D:5      | Reached skill level 7 in Unarmed Combat
  3176 | D:5      | Reached XP level 7. HP: 44/71 MP: 6/6
  3231 | Sewer    | Entered a sewer
  3452 | Sewer    | Reached skill level 8 in Unarmed Combat
  3539 | D:5      | Reached skill level 5 in Fighting
  3605 | D:5      | Found a radiant altar of Vehumet.
  3613 | D:5      | Reached XP level 8. HP: 57/80 MP: 7/7
  4742 | D:6      | Reached skill level 9 in Unarmed Combat
  4843 | D:6      | Found a staircase to the Ecumenical Temple.
  4860 | Temple   | Entered the Ecumenical Temple
  5063 | Temple   | Became a worshipper of the Shining One
  5063 | Temple   | Reached * piety under the Shining One
  5063 | Temple   | Reached ** piety under the Shining One
  5149 | D:6      | Found a runed door.
  5203 | D:6      | Reached skill level 1 in Invocations
  5803 | D:6      | Noticed Crazy Yiuf
  5807 | D:6      | Killed Crazy Yiuf
  5841 | D:7      | Reached XP level 9. HP: 83/89 MP: 9/9
  5847 | D:7      | Reached skill level 10 in Unarmed Combat
  5862 | D:7      | Noticed a two-headed ogre
  6548 | D:7      | Killed a two-headed ogre
  6548 | D:7      | Reached skill level 11 in Unarmed Combat
  6693 | D:8      | Noticed Erica
  6703 | D:8      | Killed Erica
  6703 | D:8      | Reached XP level 10. HP: 66/102 MP: 12/12
  6835 | D:8      | Noticed Salmacis's ghost (novice OpWn)
  6835 | D:8      | Reached *** piety under the Shining One
  6840 | D:8      | Found a runed gate.
  6840 | D:8      | Found a runed gate.
  6840 | D:8      | Found a runed gate.
  6981 | D:8      | Found Vorhacoe's Magic Scroll Boutique.
  6994 | D:8      | Bought a scroll of magic mapping for 52 gold pieces
  6994 | D:8      | Bought a scroll of identify for 30 gold pieces
  7098 | D:8      | Found a faded altar of an unknown god.
  7098 | D:8      | Found a deep blue altar of Sif Muna.
  7103 | D:8      | Found a basalt altar of Yredelemnul.
  7105 | D:8      | Found a white marble altar of Elyvilon.
  7107 | D:8      | Found a faded altar of an unknown god.
  7364 | D:9      | Reached skill level 12 in Unarmed Combat
  7364 | D:9      | Reached skill level 5 in Invocations
  7714 | D:9      | Found a shimmering altar of Xom.
  7715 | D:9      | Found a shimmering altar of Xom.
  7716 | D:9      | Found a shimmering altar of Xom.
  7851 | D:9      | Found the ring of the Mage {Wiz MR++ Int+3}
  7858 | D:9      | Noticed a two-headed ogre
  7870 | D:9      | Killed a two-headed ogre
  8192 | D:10     | Entered Level 10 of the Dungeon
  8266 | D:10     | Reached **** piety under the Shining One
  8382 | D:9      | Reached XP level 11. HP: 92/111 MP: 14/14
  8491 | D:10     | Found a staircase to the Lair.
  8531 | D:10     | Reached skill level 13 in Unarmed Combat
  8717 | D:10     | Noticed a two-headed ogre
  8726 | D:10     | Killed a two-headed ogre
  8889 | D:10     | Noticed an unseen horror
  8908 | D:10     | Killed an unseen horror
  9074 | D:10     | Noticed an unseen horror
  9077 | D:10     | Killed an unseen horror
  9542 | Lair:1   | Entered Level 1 of the Lair of Beasts
  9621 | Lair:3   | Found a labyrinth entrance.
  9625 | Lab      | Entered a labyrinth
 10906 | Lab      | Noticed a minotaur
 10912 | Lab      | HP: 2/113 [minotaur/warped flail {chaos} (11)]
 10912 | Lab      | Identified the +11 flail of Parts Unknown {chaos, *Drain rC+ Str+2 Dex+2}
 10912 | Lab      | Mangled by a minotaur

Vault maps used:
D:1:      dpeg_arrival_circle_labyrinth_c, kennysheep_minor_cross
D:2:      first_ration
D:4:      uniq_menkaure, uniq_blork_the_orc
D:5:      portal_sewer_entry_a, vehumet_altar_wand_db, uniq_grinder
D:6:      minmay_temple_entry_glass, kennysheep_nub, uniq_crazy_yiuf_cottage
D:7:      nrook_uturn, grunt_livestock
D:8:      chequers_temple_overflow_minitemple, serial_shops, shop_scrolls,
          gammafunk_ghost_split, uniq_erica
D:9:      kennysheep_blocky_room, xom_redecorated
D:10:     minmay_lair_entry_grove, serial_bayou_ford_a,
          kennysheep_generic_room_2
Temple:   hc_temple_tempest_star
Lair:1:   disabler_island, uniq_joseph
Lair:2:   wad_woods_structure_01, serial_bayou_shore_a
Lair:3:   minmay_swamp_entry_worms, spider_nest_entry_webs, lab_entry_generic,
          infiniplex_staircase_pool, grunt_megastairs_2, serial_bayou_shore_b,
          uniq_gastronok, uniq_rupert
Lab:      labyrinth_spiral, nicolae_lab_x
Sewer:    sewer_co_15_rooms

Skill      XL: |  1  2  3  4  5  6  7  8  9 10 11 |
---------------+----------------------------------+-----
Unarmed Combat | 4 5 6 7 8 9 11 12 13 | 13.6
Fighting       | 3 4 5 6 7 8 |  8.6
Invocations    | 2 4 6 |  6.8
Dodging        | |  2.4
Stealth        | |  1.0

Action                   |  1- 3 |  4- 6 |  7- 9 | 10-12 || total
-------------------------+-------+-------+-------+-------++-------
Melee: Unarmed           |    71 |   117 |   205 |   229 ||   622
       Punch             |       |     1 |     7 |    18 ||    26
Invok: Cleansing Flame   |       |       |       |     1 ||     1
  Use: Scroll            |       |     7 |     6 |    11 ||    24
       Potion            |       |       |     1 |     9 ||    10
 Stab: Sleeping          |     4 |     3 |     1 |       ||     8
  Eat: Chunk             |    14 |    19 |    27 |    30 ||    90
       Ration            |       |       |       |     2 ||     2
Armor: Robe              |    27 |    40 |    55 |    52 ||   174
Dodge: Dodged            |    29 |    70 |    83 |    93 ||   275

Table legend:
 A = Spawn XP
 B = Non-spawn XP
 C = Spawn XP percentage of total XP
 D = Spawn monster count
 E = Non-spawn monster count
 F = Spawn count percentage of total count
 G = Total turns spent on level
                    A         B        C        D         E        F      G
               +---------+---------+-------+---------+---------+-------+---------
         Total |       0 |   16431 |   0.0 |       0 |     233 |   0.0 | 10912
               +---------+---------+-------+---------+---------+-------+---------
           D:1 |       0 |      24 |   0.0 |       0 |      14 |   0.0 |   880
           D:2 |       0 |      45 |   0.0 |       0 |      11 |   0.0 |   643
           D:3 |       0 |     152 |   0.0 |       0 |      30 |   0.0 |   747
           D:4 |       0 |     465 |   0.0 |       0 |      15 |   0.0 |   874
           D:5 |       0 |     747 |   0.0 |       0 |      14 |   0.0 |  1279
           D:6 |       0 |     978 |   0.0 |       0 |      15 |   0.0 |   948
           D:7 |       0 |    2718 |   0.0 |       0 |      24 |   0.0 |   864
           D:8 |       0 |    1865 |   0.0 |       0 |      17 |   0.0 |   513
           D:9 |       0 |    3036 |   0.0 |       0 |      23 |   0.0 |  1099
          D:10 |       0 |    5520 |   0.0 |       0 |      49 |   0.0 |  1238
        Lair:2 |       0 |     286 |   0.0 |       0 |       2 |   0.0 |    67
           Lab |       0 |     301 |   0.0 |       0 |       3 |   0.0 |  1287
         Sewer |       0 |     294 |   0.0 |       0 |      16 |   0.0 |   238
               +---------+---------+-------+---------+---------+-------+---------
